 Dungeon Crawl Stone Soup version 0.20-a0-1127-g1289703 (webtiles) character file.

5102 AlphabetPasta the Chopper (level 10, -3/76 HPs)
             Began as a Formicid Skald on May 18, 2017.
             Was a Believer of Okawaru.
             Slain by an orc warrior
             ... wielding a +0 halberd
              (25 damage)
             ... on level 10 of the Dungeon.
             The game lasted 01:00:31 (12988 turns).

AlphabetPasta the Chopper (Formicid Skald)         Turns: 12988, Time: 01:00:34

Health: -3/76      AC:  8    Str: 23    XL:     10   Next: 87%
Magic:  21/27      EV: 11    Int: 13    God:    Okawaru [**....]
Gold:   342        SH:  0    Dex: 10    Spells: 11/19 levels left

rFire    . . .     SeeInvis +   a - +2 war axe
rCold    . . .     Gourm    .   (no shield)
rNeg     . . .     Faith    .   p - +0 scale mail
rPois    .         Spirit   .   (helmet unavailable)
rElec    .         Reflect  .   (no cloak)
rCorr    .         Harm     .   (no gloves)
MR       +....                  e - +0 pair of boots
Stlth    ..........             (no amulet)
Regen    0.3/turn               f - ring of magical power
MPRegen  0.2/turn               B - +4 ring of strength

@: very slightly contaminated
A: permanent stasis, dig shafts and tunnels, four strong arms, antennae 3
a: Dig, Shaft Self, Heroism, Renounce Religion


You were on level 10 of the Dungeon.
You worshipped Okawaru.
Okawaru was pleased with you.
You were not hungry.

You visited 2 branches of the dungeon, and saw 11 of its levels.

You collected 528 gold pieces.
You spent 186 gold pieces at shops.

Inventory:

Hand Weapons
 a - a +2 war axe (weapon)
 b - a +0 hand crossbow
 o - a +0 hand axe
Missiles
 i - 109 bolts
Armour
 e - a +0 pair of boots (worn)
 p - a +0 scale mail (worn)
 C - a +1 leather armour
 D - a +0 large shield
Jewellery
 f - a ring of magical power (left hand)
 t - an uncursed ring of protection from fire
 B - a +4 ring of strength (right hand)
Wands
 g - a wand of flame (13/48)
 l - a wand of paralysis (0/24)
 x - a wand of digging (14/24)
 y - a wand of random effects (13/48)
Scrolls
 n - a scroll of enchant armour
 r - 4 scrolls of remove curse
 v - 10 scrolls of identify
Potions
 h - 2 potions of brilliance
 k - 2 potions of curing
 q - a potion of ambrosia
 s - 2 potions of resistance
 u - a potion of cancellation
 w - a potion of invisibility
Books
 c - a book of Battle

   Spells                             Type                      Level
   a - Infusion                       Charms                       1
   b - Shroud of Golubria             Charms/Translocation         2
   c - Song of Slaying                Charms                       2
   d - Spectral Weapon                Hexes/Charms                 3
   e - Regeneration                   Charms/Necromancy            3
Miscellaneous
 A - a box of beasts
Comestibles
 d - 14 bread rations
 j - a chunk of flesh
 m - 10 royal jellies


   Skills:
 - Level 6.0 Fighting
 * Level 7.5 Axes
 * Level 2.2 Crossbows
 + Level 5.3 Armour
 - Level 4.0 Dodging
 + Level 0.5 Shields
 + Level 5.4 Spellcasting
 + Level 7.3 Charms
 - Level 0.4 Necromancy
 - Level 3.3 Translocations
 + Level 2.5 Invocations
 - Level 4.3 Evocations


You had 11 spell levels left.
You knew the following spells:

 Your Spells              Type           Power        Failure   Level  Hunger
a - Infusion              Chrm           ###.         1%          1    None
b - Song of Slaying       Chrm           ###.....     3%          2    ##.....
c - Shroud of Golubria    Chrm/Tloc      ###.......   7%          2    ##.....
d - Regeneration          Chrm/Necr      ##........   26%         3    ###....


Dungeon Overview and Level Annotations

Branches:
Dungeon (10/15)            Temple (1/1) D:5            Lair (0/6) D:9
    Orc (0/2) D:10

Altars:
Ashenzari
Cheibriados
Dithmenos
Elyvilon
Fedhas
Gozag
Hepliaklqana
Kikubaaqudgha
Makhleb
Nemelex Xobeh
Okawaru
Qazlal
Ru
Sif Muna
Trog
Uskayaw
Vehumet
Wu Jian
Xom
Yredelemnul
Zin
The Shining One

Shops:
D:5 [(?   D:6 [   D:10 [

Annotations:
D:4 jblayyy's ghost, amateur GnWn
D:8 aesoa's ghost, novice GrMo


Innate Abilities, Weirdness & Mutations

You cannot be hasted, slowed, berserked, paralysed or teleported.
You can dig through walls and to a lower floor.
Your four strong arms can wield two-handed weapons with a shield.
You have a pair of large antennae on your head. (SInv)


Message History

The orc warrior barely misses you. The orc warrior completely misses you.
The orc warrior hits your juvenile shockweird beast with a halberd.
Unknown command.
You closely miss the orc warrior.
The orc warrior is heavily wounded.
Your juvenile shockweird beast bursts into living lightning!
The living lightning misses the orc warrior.
The living lightning hits the kobold.
The kobold dies!
Your juvenile shockweird beast blinks!
The orc warrior hits you with a trident.
The orc warrior barely misses you.
Casting: Shroud of Golubria
Confirm with . or Enter, or press ? or * to list all spells.
Space distorts slightly along a thin shroud covering your body.
The orc warrior hits you with a trident!
* * * LOW HITPOINT WARNING * * *
Your shroud falls apart!
The orc warrior hits you from afar with a halberd!!
You die...

#...K...o #.
#{K..o... #.
#K.K∩.>.S #.
#o$...... #.
#...$$..o #.
#.†..?.o.
######.######o.......
..........)@oZo.....!
#####..#####5.......
##.# ###+##### #.#
#.# #.#
##########'####
#.............#
#...........<.#


You could see 3 orc warriors, a shadow imp and a killer bee zombie.

Vanquished Creatures
  Grinder (D:6)
  A hippogriff (D:9)
  A spriggan (D:7)
  2 wyverns
  3 hungry ghosts
  5 ice beasts
  2 necrophages
  A sky beast (D:7)
  2 ogres
  3 centaurs
  2 big kobolds
  6 bullfrogs
  A wyvern skeleton (D:9)
  A scorpion (D:8)
  4 wights (D:6)
  9 electric eels (D:7)
  A crimson imp (D:7)
  7 hounds
  4 jellies
  2 gnoll shamans
  3 orc priests
  A bullfrog skeleton (D:6)
  5 worker ants
  Natasha (thrice) (D:2)
  2 iguanas
  4 orc wizards
  A hound zombie (D:3)
  2 hound skeletons
  12 adders
  13 gnolls
  2 shadow imps
  2 oozes (D:4)
  An adder skeleton (D:7)
  9 worms
  3 dart slugs
  2 leopard geckos
  32 orcs
  3 ball pythons
  6 giant cockroaches
  5 goblins
  5 hobgoblins
  3 jackals
  3 quokkas
  9 bats
  5 frilled lizards
  10 kobolds
  A leopard gecko skeleton (D:4)
  A quokka skeleton (D:10)
  A quokka zombie (D:5)
  8 rats
  3 plants (D:7)
218 creatures vanquished.

Vanquished Creatures (collateral kills)
  Psyche (D:10)
  A necrophage (D:10)
  A kobold (D:10)
3 creatures vanquished.

Grand Total: 221 creatures vanquished

Notes
Turn   | Place    | Note
-------+----------+-------------------------------------------
     0 | D:1      | AlphabetPasta the Formicid Skald began the quest for the Orb.
     0 | D:1      | Reached XP level 1. HP: 16/16 MP: 3/3
   127 | D:1      | Reached XP level 2. HP: 14/23 MP: 0/5
   426 | D:1      | Learned a level 2 spell: Song of Slaying
   429 | D:1      | Learned a level 2 spell: Shroud of Golubria
   496 | D:1      | Reached XP level 3. HP: 7/28 MP: 1/6
  1467 | D:2      | Reached XP level 4. HP: 34/34 MP: 7/7
  1688 | D:2      | Noticed Natasha
  1696 | D:2      | Killed Natasha
  1720 | D:2      | Noticed Natasha
  1731 | D:2      | Killed Natasha
  1731 | D:2      | Reached XP level 5. HP: 8/40 MP: 8/8
  2015 | D:2      | Noticed Natasha
  2023 | D:2      | Killed Natasha
  2575 | D:2      | Reached XP level 6. HP: 30/47 MP: 10/10
  3021 | D:3      | Found a blossoming altar of Fedhas.
  3086 | D:3      | Found a radiant altar of Vehumet.
  3506 | D:3      | Noticed a moth of wrath
  3557 | D:3      | Found a bloodstained altar of Trog.
  3627 | D:3      | Found a hazy altar of Hepliaklqana.
  3887 | D:4      | Noticed jblayyy's ghost (amateur GnWn)
  4068 | D:4      | Reached XP level 7. HP: 51/52 MP: 11/11
  5701 | D:5      | Entered Level 5 of the Dungeon
  5748 | D:5      | Reached skill level 1 in Evocations
  5749 | D:5      | Reached skill level 1 in Translocations
  5792 | D:5      | Found Dison's Weapon Shoppe.
  5818 | D:5      | Found Deosagg's Magic Scroll Shoppe.
  5839 | D:5      | Bought a scroll of identify for 24 gold pieces
  5839 | D:5      | Bought a scroll of identify for 24 gold pieces
  5839 | D:5      | Bought a scroll of identify for 24 gold pieces
  5839 | D:5      | Bought a scroll of identify for 24 gold pieces
  6051 | D:5      | Found Gecroifirgh's Armour Emporium.
  6212 | D:5      | Reached XP level 8. HP: 49/60 MP: 12/12
  6334 | D:5      | Found a staircase to the Ecumenical Temple.
  6340 | Temple   | Entered the Ecumenical Temple
  6651 | D:6      | Found an ancient bone altar of Kikubaaqudgha.
  7017 | D:6      | Noticed Grinder
  7044 | D:6      | Killed Grinder
  7044 | D:6      | Reached skill level 5 in Axes
  7044 | D:6      | Reached skill level 5 in Charms
  7136 | D:6      | Reached XP level 9. HP: 41/66 MP: 14/14
  7784 | D:6      | Found Fyturo's Antique Armour Boutique.
  7809 | D:6      | Found a basalt altar of Yredelemnul.
  7833 | D:6      | Reached skill level 5 in Fighting
  8752 | D:6      | Learned a level 2 spell: Shroud of Golubria
  8756 | D:6      | Learned a level 3 spell: Regeneration
  9159 | D:7      | Found a glowing silver altar of Zin.
  9176 | D:7      | Found Zin's Purification Station.
  9189 | D:7      | Bought a potion of curing for 90 gold pieces
 10202 | D:8      | Found an ornate altar of the Wu Jian Council.
 10207 | D:8      | Reached XP level 10. HP: 68/74 MP: 14/16
 10212 | D:8      | Found an opulent altar of Gozag.
 10293 | D:8      | Noticed aesoa's ghost (novice GrMo)
 10656 | D:8      | Found an iron altar of Okawaru.
 10669 | D:8      | Became a worshipper of Warmaster Okawaru
 10962 | D:9      | Found a staircase to the Lair.
 11041 | D:9      | Reached skill level 1 in Invocations
 11362 | D:9      | Reached skill level 5 in Spellcasting
 11527 | D:9      | Found a burning altar of Makhleb.
 11811 | D:9      | Found a glowing golden altar of the Shining One.
 11903 | D:7      | Reached skill level 5 in Armour
 11993 | D:7      | Reached * piety under Okawaru
 12081 | D:7      | Reached skill level 1 in Crossbows
 12856 | D:9      | Reached ** piety under Okawaru
 12859 | D:10     | Entered Level 10 of the Dungeon
 12859 | D:10     | Found Sima Qul's Armour Boutique.
 12859 | D:10     | Found a staircase to the Orcish Mines.
 12931 | D:10     | Noticed Psyche
 12945 | D:10     | Killed Psyche
 12988 | D:10     | Slain by an orc warrior

Vault maps used:
D:1:      enne_arrival_octagon_isle, st_stairs_7, minivault_27
D:2:      amethyst_killhole, minivault_11, uniq_natasha
D:3:      marbit_many_paths, lemuel_coloured_pillars_altar, vehumet_crystals,
          tgw_trog, first_bread, serial_park_tiny_2
D:5:      minmay_temple_entry_fiery, serial_shops, shop, shop_fountains,
          nicolae_shop_temple_entry_statues_fountains
D:6:      yredelemnul_altar_generic, kennysheep_little_box, serial_shops,
          shop_fountains, uniq_grinder
D:7:      zin_purify, serial_bayou, serial_bayou_pond_a, serial_bayou_lagoon_b,
          serial_bayou_pond_b, serial_bayou_lagoon_a, the_bakery,
          minmay_misc_feat_enclosed
D:8:      grunt_temple_overflow_open
D:9:      lightli_temple_of_fire, lair_entry_dummy, david_defended_altar_elf
D:10:     orc_david_3, elyvilon_altar_3, uniq_psyche
Temple:   minmay_temple_curvy_loop

Skill      XL: |  1  2  3  4  5  6  7  8  9 10 |
---------------+-------------------------------+-----
Dodging        | 2 3 4 |  4.0
Fighting       | 3 4 5 6 |  6.0
Axes           | 3 4 5 6 7 |  7.5
Armour         | 2 3 4 5 |  5.3
Charms         | 4 5 6 7 |  7.3
Spellcasting   | 3 4 5 |  5.4
Evocations     | 1 3 4 |  4.3
Translocations | 1 2 3 |  3.3
Invocations    | 2 |  2.5
Crossbows      | 2 |  2.2
Shields        | |  0.5
Necromancy     | |  0.4

Action                   |  1- 3 |  4- 6 |  7- 9 | 10-12 || total
-------------------------+-------+-------+-------+-------++-------
Melee: Hand axe          |    85 |   101 |       |       ||   186
       War axe           |       |   100 |   327 |   194 ||   621
 Fire: Hand crossbow     |       |       |       |     3 ||     3
 Cast: Infusion          |     6 |    23 |    41 |    22 ||    92
       Shroud of Golubri |       |       |    10 |    16 ||    26
       Song of Slaying   |       |       |     4 |       ||     4
       Regeneration      |       |       |     2 |       ||     2
Evoke: Wand              |       |     2 |       |    12 ||    14
       Box of beasts     |       |       |       |     1 ||     1
  Use: Scroll            |     6 |    10 |    12 |     1 ||    29
       Potion            |       |     1 |     5 |       ||     6
  Eat: Royal jelly       |     1 |       |     2 |       ||     3
       Chunk             |       |     9 |     2 |    11 ||    22
       Meat ration       |       |       |     4 |       ||     4
       Fruit             |       |       |       |     3 ||     3
Armor: Leather armour    |    27 |    56 |    71 |    18 ||   172
       Scale mail        |       |       |       |    42 ||    42
Dodge: Dodged            |    48 |   163 |   213 |   113 ||   537
